 Dungeon Crawl Stone Soup version 0.17-a0-1976-g482a304 (webtiles) character file.

1522 Maka the Protected (level 8, -2/64 HPs)
             Began as a Hill Orc Fighter on Oct 5, 2015.
             Was an Initiate of Okawaru.
             Slain by a killer bee (4 damage)
             ... on level 5 of the Dungeon.
             The game lasted 00:12:28 (5188 turns).

Maka the Protected (Hill Orc Fighter)               Turns: 5188, Time: 00:12:28

Health: -2/64      AC: 12    Str: 19    XL:     8   Next: 84%
Magic:  8/8        EV: 10    Int:  8    God:    Okawaru [......]
Gold:   341        SH: 10    Dex: 17    Spells: 0 memorised, 7 levels left

rFire  + . .     SeeInvis .     a - +0 long sword
rCold  + . .     Clarity  .     r - +0 chain mail
rNeg   . . .     SustAt   .     c - +0 shield
rPois  +         Gourm    .     h - +0 helmet
rElec  +         Spirit   .     (no cloak)
rCorr  +         Warding  .     (no gloves)
rMut   .         Stasis   .     (no boots)
MR     +....                    (no amulet)
Stlth  ..........               (no ring)
                                f - ring of protection from magic

@: agile, lethally poisoned (-2 -> -7), resistant, somewhat resistant to hostile
enchantments, extremely unstealthy
A: no striking features
a: Renounce Religion


You were on level 5 of the Dungeon.
You worshipped Okawaru.
Okawaru was noncommittal.
You were not hungry.

You visited 1 branch of the dungeon, and saw 6 of its levels.

You collected 341 gold pieces.

Inventory:

Hand Weapons
 a - a +0 long sword (weapon)
Missiles
 q - a throwing net (quivered)
Armour
 c - a +0 shield (worn)
 g - a troll hide {Purgy}
 h - a +0 helmet (worn)
 r - a +0 chain mail (worn)
Jewellery
 f - a ring of protection from magic (left hand)
Scrolls
 i - 2 scrolls of teleportation
 o - a scroll of brand weapon {unknown}
 s - a scroll of magic mapping
 u - a scroll of amnesia {unknown}
 v - a scroll of noise {unknown}
Potions
 j - 2 potions of haste
 k - a potion of lignification {unknown}
 l - 2 potions of agility
 n - a potion of curing {unknown}
 p - 2 potions of flight
Comestibles
 e - 4 bread rations


   Skills:
 - Level 3.6 Fighting
 - Level 8.0 Long Blades
 + Level 8.4 Armour
 - Level 5.4 Shields


You had 7 spell levels left.
You didn't know any spells.

Dungeon Overview and Level Annotations

Branches:
Dungeon (6/15)
 Temple: D:4-7

Altars:
Dithmenos
Gozag
Makhleb
Okawaru
Ru
Sif Muna
Trog
Vehumet
Yredelemnul
Zin


Message History

* * * LOW HITPOINT WARNING * * *
Drink which item? (? for menu, Esc to quit)
It was a potion of agility.
You feel agile all of a sudden.
You feel sick.
You are no longer poisoned.
The killer bee stings you but does no damage. x2
You closely miss the killer bee. The killer bee stings you.
* * * LOW HITPOINT WARNING * * *
You are poisoned.
The killer bee poisons you! The killer bee closely misses you.
You block the killer bee's attack.
You barely miss the killer bee.
You feel sick. The killer bee stings you.
* * * LOW HITPOINT WARNING * * *
The killer bee stings you.
* * * LOW HITPOINT WARNING * * *
Your shield and chain mail prevent you from hitting the killer bee.
* * * LOW HITPOINT WARNING * * *
You feel sick. The killer bee closely misses you. The killer bee stings you.
You die...

#..........#........##
##........#..........# #
######...#####..........# #
#......#..# #..........# ##
#.#######.# #..........# .#
#.# #.# #..........# .####.#
#.# ##........## .##...#
#.####.>.......># .#..###
#..<@#..........# .....#
####.y..........#
.###.######### ###.)........#
.##..........# #..........#
..#..........######........##
................# ##......##
..........)....## #....####
#..##.##.......####.##.#
##.##.....##....##..##.#


You could see a killer bee.

Vanquished Creatures
  Pikel (D:4)
  Grinder (D:3)
  Purgy (D:4)
  A slave (D:4)
  An ice beast (D:5)
  3 killer bees (D:5)
  A crimson imp (D:4)
  A centaur skeleton (D:4)
  A jelly (D:5)
  Ijyb (D:3)
  Jessica (D:3)
  5 worker ants
  Natasha (twice) (D:2)
  3 orc priests (D:5)
  6 adders
  An ooze (D:2)
  An adder skeleton (D:5)
  5 worms
  5 giant geckos
  12 orcs
  11 bats
  5 hobgoblins
  10 jackals
  5 kobolds
  5 giant cockroaches
  7 giant newts
  6 goblins
  2 quokkas
  A quokka skeleton (D:5)
  9 rats
114 creatures vanquished.

Notes
Turn   | Place    | Note
--------------------------------------------------------------
     0 | D:1      | Maka the Hill Orc Fighter began the quest for the Orb.
     0 | D:1      | Reached XP level 1. HP: 19/19 MP: 1/1
   211 | D:1      | Reached XP level 2. HP: 26/26 MP: 2/2
   475 | D:1      | Found a glowing silver altar of Zin.
   660 | D:2      | Reached skill level 4 in Long Blades
   660 | D:2      | Reached XP level 3. HP: 19/31 MP: 3/3
  1210 | D:2      | Noticed Natasha
  1215 | D:2      | Killed Natasha
  1215 | D:2      | Reached XP level 4. HP: 39/39 MP: 4/4
  1216 | D:2      | Reached skill level 5 in Long Blades
  1510 | D:2      | Noticed Natasha
  1522 | D:2      | Killed Natasha
  1919 | D:3      | Noticed Ijyb
  1929 | D:3      | Killed Ijyb
  1929 | D:3      | Reached XP level 5. HP: 41/45 MP: 5/5
  2076 | D:3      | Reached skill level 6 in Long Blades
  2239 | D:3      | Found a radiant altar of Vehumet.
  2245 | D:3      | Noticed Grinder
  2318 | D:3      | Paralysed by Grinder for 3 turns
  2326 | D:3      | Killed Grinder
  2326 | D:3      | Reached skill level 7 in Long Blades
  2326 | D:3      | Reached XP level 6. HP: 35/51 MP: 6/6
  2400 | D:3      | Found a sacrificial altar of Ru.
  2469 | D:3      | Noticed Jessica
  2470 | D:3      | Killed Jessica
  2700 | D:3      | Found a burning altar of Makhleb.
  2865 | D:4      | Reached skill level 8 in Long Blades
  2865 | D:4      | Reached XP level 7. HP: 48/57 MP: 7/7
  3004 | D:4      | Noticed Pikel
  3041 | D:4      | Killed Pikel
  3041 | D:4      | Reached skill level 5 in Armour
  3041 | D:4      | Reached skill level 5 in Shields
  3041 | D:4      | Reached XP level 8. HP: 33/64 MP: 8/8
  3302 | D:4      | Found a bloodstained altar of Trog.
  3304 | D:4      | Noticed Purgy
  3347 | D:4      | Killed Purgy
  3832 | D:5      | Entered Level 5 of the Dungeon
  4195 | D:5      | Found a basalt altar of Yredelemnul.
  4354 | D:5      | Found an opulent altar of Gozag.
  4354 | D:5      | Found an iron altar of Okawaru.
  4354 | D:5      | Found a shadowy altar of Dithmenos.
  4362 | D:5      | Became a worshipper of Warmaster Okawaru
  4712 | D:5      | Found a deep blue altar of Sif Muna.
  4869 | D:5      | HP: 3/64 [poisoned by a killer bee]
  5187 | D:5      | HP: 2/64 [killer bee (5)]
  5188 | D:5      | Slain by a killer bee

Vault maps used:
D:1:      dpeg_arrival_more_subterranean_lakeside_camping,
          kennysheep_flooded_box
D:2:      uniq_natasha
D:3:      vehumet_crystals, nicolae_overflow_crystal_walls, first_bread,
          serial_bayou_pond_b, dk_noncrumbling_2, columned_hall_lemuel,
          hangedman_decor_growths, roderic_filled_cross,
          minmay_misc_feat_ornament, nicolae_ru_path_of_blood, uniq_grinder,
          uniq_jessica, uniq_iyjb
D:4:      old_standard_altar, small_statue_intersection,
          kennysheep_generic_room_5, uniq_pikel, uniq_purgy
D:5:      kennysheep_little_box, gammafunk_temple_overflow_claw,
          yredelemnul_altar_generic
D:6:      minmay_temple_entry_overgrown, kennysheep_generic_room_8

Action                   |  1- 3 |  4- 6 |  7- 9 || total
-------------------------+-------+-------+-------++-------
Melee: Long sword        |   118 |   217 |   253 ||   588
Throw: Throwing net      |       |     2 |     1 ||     3
  Use: Scroll            |       |     3 |     2 ||     5
       Potion            |       |     1 |     7 ||     8
  Eat: Chunk             |     1 |     5 |       ||     6
       Fruit             |       |     2 |     5 ||     7
       Pizza             |       |     1 |       ||     1
       Meat ration       |       |       |     1 ||     1
